 Dungeon Crawl Stone Soup version 0.18-a0-1435-gee79d65 (webtiles) character file.

315 gorblad the Covert (level 6, 0/47 HPs)
             Began as a Vampire Assassin on Feb 28, 2016.
             Slain by an orc wizard
             ... wielding a +0 dagger
              (1 damage)
             ... on level 3 of the Dungeon.
             The game lasted 00:05:27 (2362 turns).

gorblad the Covert (Vampire Assassin)               Turns: 2362, Time: 00:05:27

Health: 0/47       AC:  3    Str: 10    XL:     6   Next: 19%
Magic:  6/6        EV: 14    Int: 14    God:
Gold:   106        SH:  0    Dex: 17    Spells: 0 memorised, 5 levels left

rFire  . . .     SeeInvis +     a - +2 dagger
rCold  + . .     Gourm    .     c - +0 robe
rNeg   + + .     Faith    .     (no shield)
rPois  +         Spirit   .     (no helmet)
rElec  .         Dismiss  .     d - +0 cloak
rCorr  .         Reflect  .     (no gloves)
SustAt .         Harm     .     (no boots)
MR     .....                    (no amulet)
Stlth  +++++.....               (no ring)
                                (no ring)

@: regenerating slowly, not resistant to hostile enchantments, quite stealthy
A: fangs 3, see invisible, unbreathing
a: Bat Form


You were on level 3 of the Dungeon.
You were thirsty.

You visited 1 branch of the dungeon, and saw 3 of its levels.

You collected 106 gold pieces.

Inventory:

Hand Weapons
 a - a +2 dagger (weapon)
 b - a +0 blowgun
Missiles
 e - 8 poisoned needles
 f - 2 curare-tipped needles
Armour
 c - a +0 robe (worn)
 d - a +0 cloak (worn)
Jewellery
 i - a cursed -2 ring of dexterity {unknown}
 j - an uncursed ring of ice {unknown}
Scrolls
 h - a scroll of teleportation
 o - a scroll of magic mapping
 p - a scroll of remove curse
 s - a scroll of identify
Potions
 g - 22 potions of blood
 k - 2 potions of flight
 l - a potion of heal wounds {unknown}
 m - a potion of cure mutation
 n - a potion of brilliance {unknown}
 q - a potion of curing {unknown}
 r - a potion of might {unknown}
 t - a potion of mutation {unknown}


   Skills:
 + Level 3.3 Fighting
 - Level 2.1 Short Blades
 - Level 1.5 Throwing
 + Level 3.4 Dodging
 * Level 9.1 Stealth


You had 5 spell levels left.
You didn't know any spells.

Dungeon Overview and Level Annotations

Branches:
Dungeon (3/15)

Altars:


Innate Abilities, Weirdness & Mutations

You heal slowly.
You have razor-sharp teeth.
You have supernaturally acute eyesight.
You can survive without breathing.


Message History

The orc is heavily wounded.
The orc priest looks braver for a moment.
You closely miss the orc wizard.
You hit the orc wizard but do no damage.
You closely miss the orc wizard. The orc wizard closely misses you.
You hit the orc wizard.
The orc wizard is lightly wounded.
The orc hits you with a dagger.
* * * LOW HITPOINT WARNING * * *
The orc wizard casts a spell at you. The magic dart hits you!
* * * LOW HITPOINT WARNING * * *
You barely miss the orc wizard.
The orc wizard is lightly wounded.
The orc completely misses you.
The orc priest looks braver for a moment.
You hit the orc wizard.
The orc wizard is moderately wounded.
The orc wizard hits you with a dagger.
You die...

#.......# #..........#.
##.%.##### #............
##.....# #............
##.÷....# ##...........
###.......# #...........
.......%...#
#............
..........?.#
##.##..#####.
............### #.###.#
#. ............o@# # #.#
#.
≈.≈≈≈≈≈.≈≈≈≈≈o#####+###.
#)
≈.≈###≈.≈###≈o........
#. [≈ #≈.≈# #≈.........
#. #≈.≈ #≈......... #.
≈≈≈.≈≈≈≈≈......... #.
.................. #.
≈.≈≈≈≈≈......[.. #.
≈.≈###≈........$ #.


You could see an orc priest, an orc wizard (invisible) and an orc.

Vanquished Creatures
  Sigmund (D:3)
  A worker ant (D:3)
  7 adders
  3 oozes
  A worm (D:3)
  2 giant geckos
  An orc (D:3)
  2 giant cockroaches (D:2)
  7 goblins
  4 hobgoblins
  4 jackals (D:1)
  A quokka (D:3)
  2 ball pythons (D:1)
  9 bats
  5 giant newts
  9 kobolds
  10 rats
69 creatures vanquished.

Notes
Turn   | Place    | Note
--------------------------------------------------------------
     0 | D:1      | gorblad the Vampire Assassin began the quest for the Orb.
     0 | D:1      | Reached XP level 1. HP: 16/16 MP: 1/1
    37 | D:1      | Reached skill level 6 in Stealth
   297 | D:1      | Reached XP level 2. HP: 15/22 MP: 2/2
   684 | D:1      | Reached XP level 3. HP: 23/27 MP: 3/3
  1357 | D:2      | Reached skill level 7 in Stealth
  1506 | D:2      | Reached XP level 4. HP: 24/33 MP: 4/4
  2238 | D:3      | Noticed Sigmund
  2244 | D:3      | Killed Sigmund
  2244 | D:3      | Reached skill level 8 in Stealth
  2244 | D:3      | Reached XP level 5. HP: 39/41 MP: 5/5
  2244 | D:3      | Reached XP level 6. HP: 44/47 MP: 6/6
  2294 | D:3      | Reached skill level 9 in Stealth
  2360 | D:3      | HP: 1/47 [orc wizard/magic dart (2)]
  2362 | D:3      | Slain by an orc wizard

Vault maps used:
D:1:      tarquinn_simple_flora_water_a, st_stairs_13
D:3:      tgw_xom, kennysheep_boxes, uniq_sigmund

Skill      XL: |  1  2  3  4  5  6 |
---------------+-------------------+-----
Stealth        | 6 7 8 9 |  9.1
Fighting       | 2 3 |  3.3
Dodging        | 2 3 |  3.4
Short Blades   | |  2.1
Throwing       | |  1.5

Action                   |  1- 3 |  4- 6 || total
-------------------------+-------+-------++-------
Melee: Dagger            |   130 |    90 ||   220
  Use: Scroll            |     7 |       ||     7
       Potion            |       |     2 ||     2
 Stab: Sleeping          |    10 |    10 ||    20
